AoeStats
← paultse

Arena

510533970Analyzed
4v4 RM · 17h ago on Oct 1, 2026· 50m 3s· 8 players
Game mode
Random Map
Map size
Large (8 player)
Population
200
Speed
Normal
Resources
Standard
Victory
Conquest
Starting age
Dark Age
Ending age
Imperial Age
RankedLock teamsTeams togetherTeam positionsShared explorationLock speedFull tech treeHidden civsTurbo modeCheats
Victory
Defeat
🇨🇳 Bohemians · China
1142
+16
🇨🇳 Magyars · China
1139
+16
🇹🇼 Britons · Taiwan
1134
+17
🇭🇰 Khmer · Hong Kong SAR China
1134
+17
🇭🇰 Varangians · Hong Kong SAR China
1178
-18
🇭🇰 Danes · Hong Kong SAR China
1146
-16
🇫🇷 Spanish · France
1138
-16
🇸🇪 Franks · Sweden
1125
-16
jameskobecp6
9:41 Feudal Age
10:30 Double-Bit Axe
10:27 Horse Collar
17:03 Castle Age
15:58 Stone Mining
18:06 Heavy Plow
18:17 Bow Saw
22:00 Gold Mining
24:08 Gold Shaft Mining
25:34 Fletching
25:58 Pikeman
32:30 Imperial Age
30:06 Bodkin Arrow
31:59 Padded Archer Armor
31:59 Scale Mail Armor
32:10 Forging
33:26 Leather Archer Armor
33:35 Chain Mail Armor
34:25 Conscription
34:18 Bracer
35:53 Ring Archer Armor
36:24 Yeomen
38:46 Plate Mail Armor
43:13 Elite Longbowman
46:30 Ballistics
47:11 Chemistry
47:38 Two-Man Saw
49:06 Caravan
paultse
10:24 Feudal Age
8:40 Loom
14:01 Castle Age
12:19 Double-Bit Axe
15:22 Bow Saw
18:30 Horse Collar
20:20 Stone Mining
21:36 Gold Mining
22:33 Fletching
31:58 Wheelbarrow
31:09 Town Watch
35:05 Imperial Age
33:19 Gold Shaft Mining
32:51 Heavy Plow
32:27 Light Cavalry
35:19 Hand Cart
35:19 Bloodlines
35:10 Husbandry
35:18 Scale Barding Armor
36:16 Double Crossbow
37:26 Chemistry
36:18 Heavy Scorpion
36:28 Hussar
38:27 Ballistics
39:07 Forging
39:18 Chain Barding Armor
41:08 Iron Casting
49:52 Plate Barding Armor
50:17 Blast Furnace
涛哥
11:45 Feudal Age
16:25 Castle Age
22:11 Horse Collar
23:56 Double-Bit Axe
29:12 Husbandry
29:12 Gold Mining
31:55 Imperial Age
29:53 Scale Barding Armor
29:49 Scale Mail Armor
30:02 Bloodlines
30:20 Corvinian Army
31:07 Gold Shaft Mining
31:41 Wheelbarrow
31:59 Padded Archer Armor
32:15 Chain Mail Armor
32:29 Fletching
33:31 Conscription
33:54 Leather Archer Armor
34:03 Bow Saw
34:52 Ballistics
36:05 Recurve Bow
37:10 Chemistry
36:28 Heavy Plow
37:58 Ring Archer Armor
37:24 Bodkin Arrow
39:42 Bracer
41:31 Parthian Tactics
45:15 Two-Man Saw
45:50 Crop Rotation
45:46 Chain Barding Armor
49:52 Plate Barding Armor
49:32 Masonry
49:02 Treadmill Crane
49:13 Heated Shot
转世
11:07 Feudal Age
14:49 Castle Age
13:58 Double-Bit Axe
13:55 Horse Collar
21:33 Heavy Plow
23:06 Fervor
23:46 Bow Saw
26:13 Loom
27:04 Wheelbarrow
30:30 Imperial Age
28:49 Scale Mail Armor
28:59 Forging
30:25 Chemistry
28:57 Pikeman
29:37 Squires
30:25 Hand Cart
30:29 Chain Mail Armor
30:39 Wagenburg Tactics
31:11 Coinage
30:41 Caravan
31:54 Plate Mail Armor
32:00 Iron Casting
31:02 Halberdier
31:39 Houfnice
33:34 Two-Man Saw
32:58 Conscription
33:14 Iron Casting
33:24 Ballistics
36:24 Blast Furnace
35:56 Banking
36:09 Arson
35:46 Man-at-Arms
41:48 Siege Engineers
41:54 Fortified Wall
42:05 Padded Archer Armor
41:56 Fletching
marskit
7:23 Loom
10:53 Feudal Age
12:49 Double-Bit Axe
15:16 Castle Age
16:15 Horse Collar
16:54 Arson
22:21 Forging
27:25 Scale Mail Armor
28:26 Gold Mining
29:23 Chain Mail Armor
31:14 Iron Casting
31:01 Hamask
34:58 Imperial Age
35:53 Scale Barding Armor
36:20 Plate Mail Armor
36:52 Blast Furnace
36:30 Wheelbarrow
37:41 Heavy Plow
37:58 Bow Saw
37:31 Onager
38:59 Siege Onager
40:35 Siege Engineers
45:20 Chemistry
44:56 Northmen's Fury
45:52 Pikeman
46:33 Squires
Hans Solo
10:52 Feudal Age
16:08 Castle Age
14:51 Double-Bit Axe
16:08 Gold Mining
17:52 Bow Saw
24:07 Gold Shaft Mining
24:40 Wheelbarrow
26:43 Hand Cart
26:51 Stone Mining
31:11 Imperial Age
29:17 Forging
29:14 Scale Barding Armor
30:35 Iron Casting
30:15 Husbandry
31:35 Chain Barding Armor
31:13 Cavalier
31:53 Loom
31:40 Cavalier
33:23 Blast Furnace
32:12 Town Watch
33:09 Town Patrol
33:05 Paladin
34:55 Fortified Wall
34:41 Murder Holes
35:37 Plate Barding Armor
37:25 Conscription
37:29 Light Cavalry
40:34 Pikeman
41:16 Squires
41:02 Arson
41:19 Scale Mail Armor
41:10 Fletching
42:00 Hoardings
45:35 Chain Mail Armor
46:05 Coinage
45:45 Caravan
Rebi69
12:01 Feudal Age
16:42 Castle Age
18:14 Scale Barding Armor
18:38 Double-Bit Axe
18:38 Horse Collar
19:22 Chain Barding Armor
25:26 Wheelbarrow
27:57 Gold Mining
34:32 Imperial Age
32:19 Hand Cart
31:49 Loom
33:30 Ballistics
34:09 Murder Holes
35:43 Conscription
36:09 Plate Barding Armor
35:44 Forging
35:45 Town Watch
36:02 Heavy Plow
36:14 Bow Saw
35:52 Elite Conquistador
39:09 Light Cavalry
42:36 Man-at-Arms
43:01 Gambesons
43:01 Pikeman
43:41 Squires
44:21 Iron Casting
43:47 Scale Mail Armor
45:07 Two-Man Saw
43:59 Stone Mining
45:29 Chemistry
44:37 Halberdier
46:07 Chain Mail Armor
46:53 Blast Furnace
TOXIC18
11:14 Feudal Age
17:39 Castle Age
15:25 Loom
16:05 Double-Bit Axe
16:02 Horse Collar
17:17 Bloodlines
18:39 Scale Barding Armor
19:12 Bow Saw
24:29 Chain Barding Armor
27:26 Forging
27:33 Heavy Plow
36:37 Wheelbarrow
41:27 Imperial Age
45:03 Plate Barding Armor
Connection lost

Rejoining the realm…

Still unreachable

The connection could not be restored.

Session expired

The server has moved on; the page needs a fresh start.